 Dungeon Crawl Stone Soup version 0.16-a0-3997-g61da7c2 (webtiles) character file.

192 timbw the Ducker (level 6, -8/39 HPs)
             Began as a Halfling Gladiator on Feb 13, 2015.
             Killed from afar by an orc wizard (10 damage)
             ... with a magic dart
             ... on level 6 of the Dungeon.
             The game lasted 00:06:34 (1895 turns).

timbw the Ducker (Halfling Gladiator)               Turns: 1895, Time: 00:06:34

Health: -8/39      AC:  4    Str: 15    XL:     6   Next: 2%
Magic:  6/6        EV: 17    Int:  7    God:
Gold:   74         SH:  0    Dex: 17    Spells: 0 memorised, 5 levels left

rFire  . . .     SeeInvis .     a - +0 quarterstaff
rCold  . . .     Clarity  .     b - +0 leather armour
rNeg   . . .     SustAb   .     (no shield)
rPois  .         Gourm    .     o - +1 hat
rElec  .         Spirit   .     (no cloak)
rCorr  .         Warding  .     (no gloves)
rMut   .         Stasis   .     (no boots)
MR     .....                    (no amulet)
Stlth  +.........               (no ring)
                                (no ring)

@: not resistant to hostile enchantments, very unstealthy
A: mutation resistance 1
a: no special abilities


You were on level 6 of the Dungeon.
You were not hungry.

You visited 1 branch of the dungeon, and saw 6 of its levels.

You collected 74 gold pieces.

Inventory:

Hand weapons
 a - a +0 quarterstaff (weapon)
 j - a +3 blowgun
Missiles
 m - 15 poisoned needles
 s - 6 tomahawks (quivered)
Armour
 b - a +0 leather armour (worn)
 c - a +0 helmet
 o - a +1 hat (worn)
Scrolls
 e - a scroll of fog {unknown}
 h - a scroll of fear {unknown}
 i - a scroll of identify {unknown}
 k - a scroll of remove curse {unknown}
 l - a scroll of immolation {unknown}
 q - a scroll of teleportation {unknown}
 r - a scroll of magic mapping {unknown}
Potions
 d - a potion of curing {unknown}
 p - a potion of berserk rage {unknown}
 t - a potion of brilliance {unknown}
 u - a potion of agility {unknown}
 v - a potion of haste {unknown}
Books
 n - a book of Beasts

   Spells                             Type                      Level
   a - Summon Butterflies             Summoning                    1
   b - Call Canine Familiar           Summoning                    3
   c - Summon Ice Beast               Ice/Summoning                4
   d - Summon Mana Viper              Hexes/Summoning              5
   e - Monstrous Menagerie            Summoning                    6
   f - Summon Hydra                   Summoning                    7
Comestibles
 f - a bread ration
 g - a beef jerky
 w - a chunk of flesh
 x - a meat ration


   Skills:
 - Level 1.7 Fighting
 * Level 4.3 Staves
 - Level 2.6 Throwing
 + Level 4.8 Dodging


You had 5 spell levels left.
You didn't know any spells.

Dungeon Overview and Level Annotations

Branches:
Dungeon (6/15)
 Temple: D:4-7

Altars:
Fedhas
Okawaru
Sif Muna
Xom

Annotations:
D:3 Sigmund
D:5 Dowan, Duvessa


Innate Abilities, Weirdness & Mutations

You are small and have problems with some larger weapons.
You are somewhat resistant to further mutation.


Message History

The orc wizard points at you and mumbles some strange words.
The puff of frost misses you.
You barely miss the orc wizard.
The orc wizard is severely wounded.
The orc wizard barely misses you.
You closely miss the orc wizard.
The orc wizard is severely wounded.
The orc wizard casts a spell at you. The puff of frost hits you!
* * * LOW HITPOINT WARNING * * *
You closely miss the orc wizard.
The orc wizard is severely wounded.
The orc wizard casts a spell at you. The puff of frost hits you!
* * * LOW HITPOINT WARNING * * *
You closely miss the orc wizard.
The orc wizard is severely wounded.
The orc wizard casts a spell at you. The magic dart hits you!
You die...

... #..#
#..###..#
#..#....#
#..#.#..#
#.>#.#..#
#.......#
#...<...#########
#.......@o.......
#.##.##.##.......
#.##.##.# .....
#..#.##)# ....
#..[....# ...
#.......# .
##.._..## #.....#
#.....#


You could see an orc wizard.

Vanquished Creatures
  A giant frog skeleton (D:4)
  An orc wizard (D:4)
  A worker ant (D:4)
  A gnoll (D:6)
  3 adders
  A giant mite (D:4)
  2 worms
  An ooze (D:2)
  10 orcs
  3 goblins
  A hobgoblin (D:3)
  A giant gecko (D:3)
  A giant newt (D:2)
  3 kobolds
  2 rats
32 creatures vanquished.

Vanquished Creatures (others)
  A worker ant (D:4)
1 creature vanquished.

Grand Total: 33 creatures vanquished

Notes
Turn   | Place    | Note
--------------------------------------------------------------
     0 | D:1      | timbw, the Halfling Gladiator, began the quest for the Orb.
     0 | D:1      | Reached XP level 1. HP: 14/14 MP: 1/1
    98 | D:2      | Reached XP level 2. HP: 14/19 MP: 2/2
   292 | D:2      | Reached XP level 3. HP: 1/24 MP: 3/3
   530 | D:3      | Reached skill level 4 in Dodging
   575 | D:3      | Noticed Sigmund
   828 | D:4      | Reached XP level 4. HP: 10/29 MP: 4/4
   974 | D:4      | Reached XP level 5. HP: 26/34 MP: 5/5
  1227 | D:4      | HP: 1/34 [orc/trident (8)]
  1521 | D:4      | Found a blossoming altar of Fedhas.
  1540 | D:5      | Entered Level 5 of the Dungeon
  1627 | D:5      | Found a deep blue altar of Sif Muna.
  1628 | D:5      | Noticed Duvessa
  1628 | D:5      | Noticed Dowan
  1701 | D:6      | Found a shimmering altar of Xom.
  1720 | D:6      | Found an iron altar of Okawaru.
  1766 | D:6      | Reached XP level 6. HP: 18/39 MP: 6/6
  1894 | D:6      | HP: 1/39 [orc wizard/puff of frost (9)]
  1895 | D:6      | Killed from afar by an orc wizard

Action                   |  1- 3 |  4- 6 || total
-------------------------+-------+-------++-------
Melee: Quarterstaff      |    64 |    89 ||   153
       Unarmed           |       |     2 ||     2
 Fire: Blowgun           |       |    16 ||    16
Throw: Throwing net      |     2 |     3 ||     5
  Use: Potion            |       |     2 ||     2
 Stab: Held in net/web   |     1 |       ||     1
  Eat: Chunk             |       |     3 ||     3
